 Dungeon Crawl Stone Soup version 0.30-a0-321-gf7783e6616 (webtiles) character file.

Game seed: 16805956685151872648

64312 Angani the Nimble (level 14, 0/122 HPs)
             Began as a White Draconian Brigand on Oct 26, 2022.
             Was the Champion of Okawaru.
             Slain by a six-headed hydra (10 damage)
             ... on level 5 of the Lair of Beasts on Oct 27, 2022.
             The game lasted 00:37:46 (19757 turns).

Angani the Nimble (White Draconian Brigand)        Turns: 19757, Time: 00:37:47

Health: 0/122      AC: 16    Str: 17    XL:     14   Next: 71%
Magic:  21/21      EV: 22    Int: 12    God:    Okawaru [******]
Gold:   745        SH:  0    Dex: 16    Spells: 13/13 levels left

rFire   . . .      SeeInvis .    S - +1 glaive (flame)
rCold   + . .      Faith    +    (shield currently unavailable)
rNeg    . . .      Spirit   .    (body armour unavailable)
rPois   .          Reflect  .    w - +4 hat of the Good {Dex+2}
rElec   .          Harm     .    K - scarf {repulsion}
rCorr   .          Rampage  .    m - +0 pair of gloves
Will    +....                    C - +2 pair of boots
Stlth   +++.......               T - amulet of faith
HPRegen 0.40/turn                B - +4 ring of evasion
MPRegen 0.17/turn                D - +4 ring of slaying

@: mesmerised, repel missiles, very slow
A: breathe frost, AC +8, unfitting armour, cold resistance 1, cold-blooded
a: Breathe Frost, Renounce Religion, Heroism, Finesse, Duel


You were on level 5 of the Lair of Beasts.
You worshipped Okawaru.
Okawaru was exalted by your worship.
You visited 2 branches of the dungeon, and saw 19 of its levels.

You collected 1411 gold pieces.
You spent 666 gold pieces at shops.

Inventory:

Hand Weapons
 z - a +6 vorpal glaive
 S - a +1 glaive of flaming (weapon)
Missiles
 c - 26 poisoned darts
 d - 6 curare-tipped darts (quivered)
 v - a throwing net
 E - 2 javelins
 F - 2 boomerangs of dispersal
 H - 7 silver javelins
 V - a datura-tipped dart
Armour
 m - a +0 pair of gloves (worn)
 w - the +4 hat of the Good (worn) {Dex+2}
   (You acquired it on level 6 of the Dungeon)

   Dex:       It affects your dexterity (+2).
 C - a +2 pair of boots (worn)
 K - a scarf of repulsion (worn)
Jewellery
 B - a +4 ring of evasion (left hand)
 D - a +4 ring of slaying (right hand)
 M - the ring "Kaguu" {rC+ Int+6}
   (You found it on level 12 of the Dungeon)

   [ring of intelligence]

   Int:       It affects your intelligence (+6).
   rC:        It protects you from cold.
 R - a ring of willpower
 T - an amulet of faith (around neck)
Wands
 J - a wand of roots (26)
 L - a wand of digging (4)
 N - a wand of acid (9)
 U - a wand of flame (11)
 X - a wand of polymorph (7)
Scrolls
 a - 3 scrolls of silence
 g - 2 scrolls of magic mapping
 h - 4 scrolls of immolation
 n - a scroll of vulnerability {unknown}
 r - 16 scrolls of teleportation
 u - a scroll of poison
 y - 4 scrolls of amnesia
 A - 2 scrolls of blinking
 G - a scroll of torment
 Q - 2 scrolls of brand weapon
Potions
 b - 4 potions of heal wounds
 e - 6 potions of haste
 f - 2 potions of lignification
 i - 5 potions of flight
 j - 5 potions of curing
 k - a potion of brilliance
 l - a potion of magic
 o - 7 potions of degeneration {unknown}
 p - 4 potions of attraction {unknown}
 s - 3 potions of ambrosia
 t - a potion of cancellation
 x - 4 potions of mutation
 I - 2 potions of invisibility
 W - a potion of might {unknown}
Miscellaneous
 O - a phial of floods
 P - a condenser vane


   Skills:
 - Level 10.9 Fighting
 - Level 2.0 Short Blades
 - Level 5.0(8.2) Axes
 - Level 10.1(10.6) Polearms
 - Level 10.1 Throwing
 - Level 11.0 Dodging
 - Level 10.6 Stealth
 - Level 10.0 Invocations
 + Level 7.7 Evocations


You had 13 spell levels left.
You didn't know any spells.
Your spell library contained the following spells:

 Spells                   Type           Power      Damage    Failure   Level
 Apportation              Tloc           0%         N/A       32%         1
 Beastly Appendage        Tmut           0%         N/A       32%         1
 Kiss of Death            Conj/Necr      0%         2d5       32%         1
 Magic Dart               Conj           0%         1d3       32%         1
 Slow                     Hex            0%         N/A       32%         1
 Ensorcelled Hibernation  Hex/Ice        0%         N/A       45%         2
 Momentum Strike          Conj/Tloc      0%         3d8       45%         2
 Searing Ray              Conj           0%         2d4       45%         2
 Confusing Touch          Hex            0%         N/A       69%         3
 Gell's Gravitas          Tloc           0%         N/A       69%         3
 Hailstorm                Conj/Ice       0%         3d3       69%         3
 Ignite Poison            Fire/Tmut/Pois 0%         N/A       69%         3
 Kindle Blastsparks       Fire/Tloc/Air  0%         2d10      69%         3
 Lesser Beckoning         Tloc           0%         N/A       69%         3
 Spider Form              Tmut/Pois      0%         N/A       69%         3
 Teleport Other           Tloc           0%         N/A       69%         3
 Vampiric Draining        Necr           0%         2d6       69%         3
 Anguish                  Hex/Necr       0%         N/A       97%         4
 Cause Fear               Hex            0%         N/A       97%         4
 Dispel Undead            Necr           0%         3d6       97%         4
 Fulminant Prism          Conj/Hex       0%         3d6       97%         4
 Ice Form                 Ice/Tmut       0%         N/A       97%         4
 Alistair's Intoxication  Tmut/Pois      0%         N/A       100%        5
 Blade Hands              Tmut           0%         N/A       100%        5
 Freezing Cloud           Conj/Ice/Air   0%         6-21      100%        5
 Irradiate                Conj/Tmut      0%         3d11      100%        5
 Yara's Violent Unravell  Hex/Tmut       0%         3d3       100%        5
 Iron Shot                Conj/Erth      0%         9d1       100%        6
 Dragon Form              Tmut           0%         N/A       100%        7
 Necromutation            Tmut/Necr      0%         N/A       100%        8
 Polar Vortex             Ice            0%         N/A       100%        9
 Animate Armour           Summ/Erth      Unusable   N/A       N/A         4
 Summon Ice Beast         Ice/Summ       Unusable   N/A       N/A         4
 Simulacrum               Ice/Necr       Unusable   N/A       N/A         6
 Dragon's Call            Summ           Unusable   N/A       N/A         9

Dungeon Overview and Level Annotations

Branches:
Dungeon (14/15)            Temple (0/1) D:5            Lair (5/5) D:10
  Swamp (0/4) Lair:3        Snake (0/4) Lair:3          Orc (0/2) D:12
  Slime: Lair:4-5    Vaults: D:13-14

Altars:
Ashenzari
Dithmenos
Elyvilon
Fedhas
Gozag
Hepliaklqana
Kikubaaqudgha
Nemelex Xobeh
Okawaru
Qazlal
Vehumet
Wu Jian
Xom
Zin
The Shining One

Shops:
D:4 (   D:7 (   D:8 [   D:13 (=

Annotations:
D:4 2 runed translucent doors, Babtu's ghost, weakling HOFi


Innate Abilities, Weirdness & Mutations

You can breathe waves of freezing cold which knock back foes.
Your icy white scales are hard. (AC +8)
You cannot fit into any form of body armour.
Your flesh is cold resistant. (rC+)
You are cold-blooded and may be slowed by cold attacks.


Message History

Unknown command.
You slice one of the seven-headed hydra's heads off!
The flame cauterises the wound!
You slash the six-headed hydra! You burn the six-headed hydra.
The six-headed hydra is moderately wounded.
The grasping roots constrict the merfolk avatar!
The grasping roots constrict the six-headed hydra!
The merfolk avatar chants its luring song.
The six-headed hydra misses you.
The six-headed hydra closely misses you. x2
The six-headed hydra bites you but does no damage.
The six-headed hydra bites you. The six-headed hydra bites you!
* * * LOW HITPOINT WARNING * * *
The merfolk avatar chants its luring song.
Unknown command.
Your unstable footing causes you to fumble your attack.
The grasping roots constrict the merfolk avatar!
The grasping roots constrict the six-headed hydra!
The roots release their grip on the merfolk avatar.
The roots release their grip on the six-headed hydra.
The six-headed hydra completely misses you.
The six-headed hydra bites you!
* * * LOW HITPOINT WARNING * * *
The six-headed hydra completely misses you.
The six-headed hydra closely misses you.
The six-headed hydra bites you!
* * * LOW HITPOINT WARNING * * *
The six-headed hydra misses you.
A snapping turtle comes into view.
The merfolk avatar chants its luring song.
Unknown command.
You feel much better.
The drowned soul returns to the deep!
The shadowy forms in the deep grow still as others approach.
The six-headed hydra bites you.
* * * LOW HITPOINT WARNING * * *
The six-headed hydra bites you!
* * * LOW HITPOINT WARNING * * *
The six-headed hydra completely misses you.
The six-headed hydra bites you!
You die...

..##~~#~~P~#~~##~~##
#~~##~~##~~##~~##
~~~~~~~~~~~~~~~~~
~##~###~~###P~~
#~~~~~~~~~~~~#
#~~~#~.8~#~#~#
#8P~~~~~~~~~8
#####~P~~####~
#⌠~~@W~~~~~~⌠
#~~~8D~~.~~.~
#~.~##mW~#~~~ .~~#~
!$?!#~.~ #.~#~~
≈≈!~~#~ ...~t~~
≈≈$#~~ ~~~~..~
[!=#~. ~. #~.~ ##


You could see a merfolk avatar (mesmerising), a six-headed hydra, a snapping
turtle and 2 drowned souls.

Vanquished Creatures
  The ghost of Echos the Peltast, a journeyman FoFi of Okawaru (Lair:2)
  The ghost of mertasd123 the Wrestler, a journeyman TrBe of Trog (Lair:4)
  3 hydras
  2 centaur warriors (D:13)
  7 boulder beetles
  Erica (D:10)
  A death knight (D:12)
  5 two-headed ogres
  A tengu warrior (D:13)
  Nergalle (Lair:3)
  Pikel (D:5)
  A deep elf archer (D:12)
  A wizard (D:12)
  A deep elf pyromancer (D:12)
  5 ugly things
  5 cyclopes
  2 oklob plants (Lair:4)
  2 manticores
  5 black mambas
  13 elephants
  A black mamba (shapeshifter) (D:13)
  2 torpor snails
  2 gargoyles
  3 kobold demonologists
  10 cane toads
  3 unseen horrors
  8 komodo dragons
  6 rime drakes
  An efreet (D:12)
  2 polar bears
  A queen bee (shapeshifter) (D:12)
  8 trolls
  3 hornets
  Grinder (D:6)
  2 slime creatures (D:12)
  11 blink frogs
  2 vampires (D:12)
  5 water elementals (D:13)
  7 wraiths
  5 wyverns
  4 basilisks
  3 shadows (D:12)
  61 yaks
  Grum (Lair:1)
  2 steam dragons
  5 vampire mosquitoes
  10 water moccasins
  2 acid dragons
  2 black bears
  8 orc warriors
  An ice beast (D:6)
  2 ogres
  33 wolves
  5 centaurs
  A lemure (D:5)
  A kobold brigand (D:11)
  12 bullfrogs
  A necrophage (D:4)
  3 gnoll sergeants
  4 scorpions
  12 killer bees
  3 electric eels
  7 howler monkeys
  3 hounds (D:5)
  2 jellies (D:6)
  3 orc priests
  An iguana (D:5)
  9 orc wizards
  A boggart simulacrum (D:13)
  21 gnolls
  4 adders
  A white imp (D:6)
  A worm (D:4)
  39 orcs
  5 endoplasms
  5 giant cockroaches
  3 goblins
  8 hobgoblins
  4 jackals (D:1)
  4 quokkas
  2 ball pythons (D:4)
  7 bats
  3 frilled lizards
  12 kobolds
  4 rats
467 creatures vanquished.

Vanquished Creatures (others)
  A deep elf pyromancer (D:13)
  A vampire mosquito (D:6)
  A human (D:8)
  22 fungi
  43 plants
68 creatures vanquished.

Grand Total: 535 creatures vanquished

Notes
Turn   | Place    | Note
-------+----------+-------------------------------------------
     0 | D:1      | Angani the Draconian Brigand began the quest for the Orb.
     0 | D:1      | Reached XP level 1. HP: 17/17 MP: 1/1
   105 | D:1      | Reached XP level 2. HP: 24/24 MP: 2/2
  1131 | D:2      | Found an iron altar of Okawaru.
  1141 | D:2      | Reached XP level 3. HP: 25/29 MP: 3/3
  1144 | D:2      | Became a worshipper of Warmaster Okawaru
  1281 | D:2      | Reached XP level 4. HP: 22/36 MP: 4/4
  1589 | D:2      | Reached skill level 1 in Polearms
  2154 | D:3      | Found a faded altar of an unknown god.
  2720 | D:4      | Found a runed translucent door.
  2736 | D:4      | Noticed Babtu's ghost (weakling HOFi)
  2747 | D:4      | Noticed a scorpion
  2764 | D:4      | Killed a scorpion
  2765 | D:4      | Reached XP level 5. HP: 41/41 MP: 5/5
  2836 | D:4      | Found Repnih's Antique Weapon Boutique.
  2961 | D:4      | Found a runed translucent door.
  2976 | D:4      | Found a sparkling altar of Nemelex Xobeh.
  3081 | D:4      | Reached XP level 6. HP: 45/48 MP: 6/6
  3321 | D:5      | Entered Level 5 of the Dungeon
  3321 | D:5      | Found a staircase to the Ecumenical Temple.
  3323 | D:5      | Reached skill level 5 in Throwing
  3613 | D:5      | Found an ornate altar of the Wu Jian Council.
  4161 | D:5      | Your scales start taking on an icy white colour.
  4161 | D:5      | Reached XP level 7. HP: 53/55 MP: 7/7
  4161 | D:5      | Gained mutation: Your flesh is cold resistant. (rC+) [White
                  | Draconian growth]
  4244 | D:5      | Reached * piety under Okawaru
  4271 | D:5      | Noticed Pikel
  4292 | D:5      | Killed Pikel
  4292 | D:5      | Reached ** piety under Okawaru
  4293 | D:5      | Reached skill level 5 in Polearms
  4293 | D:5      | Reached XP level 8. HP: 14/61 MP: 5/8
  4947 | D:6      | Noticed Grinder
  4958 | D:6      | Paralysed by Grinder for 5 turns
  4979 | D:6      | Killed Grinder
  4979 | D:6      | Reached *** piety under Okawaru
  4980 | D:6      | Reached XP level 9. HP: 30/67 MP: 7/9
  5239 | D:6      | Found an iron altar of Okawaru.
  5315 | D:6      | Identified 2 scrolls of acquirement
  5317 | D:6      | Acquired the +4 hat of the Good {Dex+2}
  5324 | D:6      | Acquired a +6 glaive of freezing
  5493 | D:6      | Found a shadowy altar of Dithmenos.
  5589 | D:6      | Found a glowing golden altar of the Shining One.
  5771 | D:7      | Found Mauseg's Antique Weapon Emporium.
  5776 | D:7      | Bought a runed glaive for 266 gold pieces
  5777 | D:7      | Upgraded the game from 0.30-a0-313-gae38170b09 to
                  | 0.30-a0-321-gf7783e6616
  6437 | D:8      | Got Sif Muna's Compendium of the Freezing Jaunt
  6456 | D:8      | Received a gift from Okawaru
  6502 | D:8      | Found an ancient bone altar of Kikubaaqudgha.
  6539 | D:8      | Found a white marble altar of Elyvilon.
  6640 | D:8      | Found Poephyoc's Armour Shoppe.
  7252 | D:9      | Received a gift from Okawaru
  7283 | D:9      | Noticed a troll
  7293 | D:9      | Killed a troll
  7303 | D:9      | Reached **** piety under Okawaru
  7306 | D:9      | Reached XP level 10. HP: 56/73 MP: 10/10
  7311 | D:9      | Reached skill level 10 in Polearms
  7311 | D:9      | Reached skill level 10 in Throwing
  7480 | D:9      | Reached skill level 1 in Dodging
  7486 | D:9      | Found a radiant altar of Vehumet.
  7496 | D:9      | Reached skill level 2 in Dodging
  7634 | D:9      | Reached ***** piety under Okawaru
  7635 | D:9      | Reached skill level 3 in Dodging
  7682 | D:9      | Found a blossoming altar of Fedhas.
  7694 | D:9      | Found a stormy altar of Qazlal.
  7732 | D:9      | Found a shimmering altar of Xom.
  7735 | D:9      | Found a shimmering altar of Xom.
  7736 | D:9      | Found a shimmering altar of Xom.
  7736 | D:9      | Found a shimmering altar of Xom.
  7736 | D:9      | Found a shimmering altar of Xom.
  7743 | D:9      | Found a shimmering altar of Xom.
  7743 | D:9      | Found a shimmering altar of Xom.
  7899 | D:10     | Entered Level 10 of the Dungeon
  7914 | D:10     | Found a staircase to the Lair.
  7914 | D:10     | Noticed an elephant
  7932 | D:10     | Reached skill level 5 in Fighting
  7935 | D:10     | Reached skill level 4 in Dodging
  7940 | D:10     | Killed an elephant
  7995 | D:10     | Found a glowing silver altar of Zin.
  7995 | D:10     | Found an opulent altar of Gozag.
  8019 | D:10     | Noticed a two-headed ogre
  8025 | D:10     | Killed a two-headed ogre
  8026 | D:10     | Reached skill level 5 in Dodging
  8092 | D:10     | Noticed a two-headed ogre
  8101 | D:10     | Killed a two-headed ogre
  8102 | D:10     | Reached XP level 11. HP: 69/91 MP: 11/11
  8206 | D:10     | Noticed Erica
  8212 | D:10     | Killed Erica
  8660 | D:10     | Found a broken altar of Ashenzari.
  8664 | D:10     | Saw a vision of the Swamp and the Snake Pit.
  8664 | D:10     | Noticed an anaconda
  8664 | D:10     | Noticed a bunyip
  8664 | D:10     | Noticed a goliath frog
  8664 | D:10     | Noticed a bog body
  8665 | D:10     | Noticed a mana viper
  8665 | D:10     | Noticed a bunyip
  8962 | D:11     | Noticed a boulder beetle
  8977 | D:11     | Killed a boulder beetle
  8977 | D:11     | Received a gift from Okawaru
  8978 | D:11     | Reached skill level 6 in Dodging
  9220 | D:11     | Found a sparkling altar of Nemelex Xobeh.
  9375 | D:11     | Reached skill level 7 in Dodging
  9563 | D:11     | Found a hazy altar of Hepliaklqana.
  9975 | D:12     | Noticed an eight-headed hydra
  9986 | D:12     | Killed a two-headed hydra
 10116 | D:12     | Noticed a green ugly thing
 10121 | D:12     | Killed a green ugly thing
 10122 | D:12     | Reached skill level 8 in Dodging
 10126 | D:12     | Noticed a white ugly thing
 10138 | D:12     | Killed a white ugly thing
 10139 | D:12     | Reached skill level 10 in Fighting
 10247 | D:12     | Noticed a cyan ugly thing
 10266 | D:12     | Killed a cyan ugly thing
 10284 | D:12     | Identified the ring "Kaguu" {rC+ Int+6}
 10337 | D:12     | Noticed a wizard
 10347 | D:12     | Reached XP level 12. HP: 104/107 MP: 12/12
 10368 | D:12     | Noticed a boulder beetle
 10377 | D:12     | Killed a boulder beetle
 10377 | D:12     | Received a gift from Okawaru
 10391 | D:12     | Reached skill level 9 in Dodging
 10503 | D:12     | Noticed a death knight
 10514 | D:12     | Killed a death knight
 10742 | D:12     | Reached ****** piety under Okawaru
 10871 | D:12     | Noticed a boulder beetle
 10889 | D:12     | Killed a boulder beetle
 10890 | D:12     | Reached skill level 5 in Stealth
 10905 | D:12     | Received a gift from Okawaru
 11126 | D:12     | Reached skill level 10 in Dodging
 11131 | D:12     | Identified the +2 buckler "Lisotein" {Int+3 Dex+2} (Okawaru
                  | gifted it to you on level 12 of the Dungeon)
 11131 | D:12     | Received a gift from Okawaru
 11357 | D:12     | Noticed a boulder beetle
 11361 | D:12     | Killed a boulder beetle
 11419 | D:12     | Got the Codex of Transmogrification
 11428 | D:12     | Noticed a two-headed ogre
 11440 | D:12     | Killed a two-headed ogre
 11506 | D:12     | Noticed a two-headed ogre
 11516 | D:12     | Killed a two-headed ogre
 11564 | D:12     | Noticed a boulder beetle
 11579 | D:12     | Killed a boulder beetle
 11869 | D:12     | Reached skill level 11 in Dodging
 12152 | D:12     | Reached XP level 13. HP: 115/115 MP: 13/13
 12174 | D:12     | Reached skill level 1 in Invocations
 12209 | D:12     | Found a staircase to the Orcish Mines.
 12766 | D:13     | Found Zyxkaewn's Jewellery Shoppe.
 12838 | D:13     | Bought a ring of willpower for 400 gold pieces
 12959 | D:13     | Received a gift from Okawaru
 13337 | D:13     | Found Butz's Antique Weapon Boutique.
 13456 | D:13     | Reached skill level 5 in Invocations
 13618 | Lair:1   | Entered Level 1 of the Lair of Beasts
 13889 | Lair:1   | Noticed Grum
 13896 | Lair:1   | Killed Grum
 14380 | Lair:1   | Received a gift from Okawaru
 14641 | Lair:2   | Reached skill level 10 in Stealth
 15205 | Lair:2   | Identified the +8 flail "Ixteguru" {speed, Fly rPois Int+2
                  | Dex-3}
 15216 | Lair:2   | Found a runed translucent door.
 15223 | Lair:2   | Noticed Echos's ghost (journeyman FoFi)
 15235 | Lair:2   | Received a gift from Okawaru
 15490 | Lair:2   | Identified the +1 buckler of Brilliance {+Blink rPois rC-
                  | Str-2 Int+6} (Okawaru gifted it to you on level 2 of the
                  | Lair of Beasts)
 15490 | Lair:2   | Received a gift from Okawaru
 15521 | Lair:2   | Reached skill level 1 in Evocations
 16109 | Lair:2   | Killed Echos's ghost
 16231 | Lair:3   | Noticed Nergalle
 16244 | Lair:3   | Killed Nergalle
 16245 | Lair:3   | Reached XP level 14. HP: 98/122 MP: 20/20
 16726 | Lair:3   | Found a staircase to the Swamp.
 17341 | Lair:3   | Found a staircase to the Snake Pit.
 17363 | Lair:3   | Reached skill level 5 in Evocations
 17726 | Lair:4   | Received a gift from Okawaru
 17726 | Lair:4   | Found the +5 Lochaber axe {reach-cleave, poleaxe, Drain}
 17944 | Lair:4   | Reached skill level 10 in Invocations
 18278 | Lair:4   | Reached skill level 1 in Axes
 18459 | Lair:4   | Found a blossoming altar of Fedhas.
 18946 | Lair:4   | Found a large runed translucent door.
 18947 | Lair:4   | Found a large runed translucent door.
 18950 | Lair:4   | Noticed mertasd123's ghost (journeyman TrBe)
 19038 | Lair:4   | Received a gift from Okawaru
 19386 | Lair:4   | Killed mertasd123's ghost
 19509 | Lair:5   | Entered Level 5 of the Lair of Beasts
 19514 | Lair:5   | Received a gift from Okawaru
 19590 | Lair:5   | Reached skill level 5 in Axes
 19748 | Lair:5   | Found the ring of the Octopus King
 19757 | Lair:5   | Slain by a six-headed hydra

Illustrated notes

Levels and vault maps discovered:
D:1:      nicolae_arrival_memento_mori, layout_loops_cross,
          serial_co_window_serial, co_window_paths_a, co_window_corner_a,
          co_window_of_opportunity_a, co_window_of_opportunity_a,
          co_window_corner_a, co_window_paths_c, co_window_corner_ca,
          co_window_corner_b, co_window_paths_c, co_window_cross_4,
          co_window_paths_c, co_window_broadway_b, glass_columns_b,
          glass_columns_b, glass_columns_c, glass_columns_b, glass_columns_a
D:2:      layout_rooms, basic_altar, minmay_crystal_room
D:3:      layout_basic, ebering_ecumenical_altar_webs,
          chequers_serial_rivers_room_a, minmay_distorted
D:4:      layout_loops_ring, old_standard_altar, serial_shops, shop,
          ebering_ghost_sewer_f
D:5:      layout_basic, mainiacjoe_overflow_concentric_impassable,
          minmay_temple_entry_statues_pillars, uniq_pikel
D:6:      layout_rooms, mainiacjoe_overflow_six_doors_small,
          mainiacjoe_overflow_boulevard, tso_oasis_becter, uniq_grinder
D:7:      layout_cave_pods, serial_shops, nicolae_shop_crystal
D:8:      layout_basic, tgw_kikubaaqudgha, elyvilon_altar_5, serial_shops, shop
D:9:      layout_gridville, mainiacjoe_overflow_surrounded_room,
          mainiacjoe_overflow_alcove_1, nicolae_xom_altar_mimics,
          grunt_qazlal_clouds
D:10:     layout_small_grid, grunt_temple_overflow_gold_and_silver,
          grunt_ashenzari_visionary [grunt_ashenzari_visionary_swamp,
          grunt_ashenzari_visionary_snake], david_lair_generic,
          roderic_serpentine_path, uniq_erica
D:11:     layout_loops_ring, hangedman_feature_mirror
D:12:     minmay_spiral_squares, layout_loops_ring, david_orc_4
D:13:     layout_basic, serial_glass, glass_columns_b, glass_columns_c,
          serial_shops, shop, nicolae_inconvenience_store
D:14:     layout_basic, david_vaults_4, led_sif_pool, uniq_frances
Lair:1:   layout_loops_ring, uniq_grum
Lair:2:   layout_regular_city, ebering_ghost_reflecting_pool, minivault_27,
          hangedman_lair_unloving_vines, columned_hall_lemuel,
          nicolae_quartered_pool_impasse, serial_bayou_shore_b,
          infiniplex_staircase_pool_2, serial_bayou_shore_b
Lair:3:   layout_gridlike, swamp_mist, minmay_snake_entry_six_corridors,
          beast_lair_carwin_5, uniq_nergalle
Lair:4:   layout_layer_cave, ebering_ghost_disaster_area, hangedman_tree_tricks
Lair:5:   gammafunk_lair_ancient_temple, layout_cave_shapes,
          nicolae_slime_entry_slimehenge, special_room [special_room_jelly],
          serial_bayou_pond_d

Skill      XL: |  1  2  3  4  5  6  7  8  9 10 11 12 13 14 |
---------------+-------------------------------------------+-----
Throwing       | 2 3 4 5 6 8 9 10 | 10.1
Polearms       | 2 3 4 5 7 9 10 | 10.1
Dodging        | 5 8 11 | 11.0
Fighting       | 6 10 | 10.9
Stealth        | 7 10 | 10.6
Invocations    | 8 10 | 10.0
Evocations     | 3 7 |  7.7
Axes           | 5 |  5.0
Short Blades   | |  2.0

Action                   |  1- 3 |  4- 6 |  7- 9 | 10-12 | 13-15 || total
-------------------------+-------+-------+-------+-------+-------++-------
Melee: Dagger            |    77 |       |       |       |       ||    77
       Tailslap          |     9 |    15 |    23 |    74 |   141 ||   262
       Halberd           |     2 |   198 |   168 |       |       ||   368
       Punch             |     1 |       |       |       |       ||     1
       Glaive            |       |       |    91 |   435 |   660 ||  1186
       Scimitar          |       |       |       |     8 |       ||     8
       Lochaber axe      |       |       |       |       |    65 ||    65
Throw: Dart              |     2 |     4 |     2 |    17 |       ||    25
       Javelin           |       |       |     2 |     1 |       ||     3
       Boomerang         |       |       |       |     3 |       ||     3
       Throwing net      |       |       |       |     4 |       ||     4
Invok: Heroism           |       |       |     7 |     6 |    11 ||    24
       Finesse           |       |       |       |       |     1 ||     1
 Abil: Breathe Frost     |       |       |     4 |     8 |     6 ||    18
Evoke: Wand              |       |       |       |       |    14 ||    14
  Use: Scroll            |     2 |     5 |    15 |     3 |     1 ||    26
       Potion            |       |       |     7 |     1 |     2 ||    10
 Stab: Sleeping          |     4 |     8 |     9 |    13 |    27 ||    61
       Distracted        |       |       |     1 |       |     1 ||     2
       Held in net/web   |       |       |       |     1 |       ||     1
Armor: Skin              |    22 |   109 |   105 |   132 |   160 ||   528
Dodge: Dodged            |    37 |   117 |   195 |   418 |   768 ||  1535
       Repelled          |       |       |       |     1 |     7 ||     8
Block: Other             |       |       |    21 |    90 |    36 ||   147
       Reflection        |       |       |     2 |     3 |     1 ||     6

Table legend: (Time is in decaauts)
 A = Elapsed time spent in this place.
 B = Non-inter-level travel time spent in this place.
 C = Inter-level travel time spent in this place.
 D = Time resting spent in this place.
 E = Time spent auto-exploring this place.
 F = Levels seen in this place.
 G = Mean time per level.
                   A        B        C        D        E       F      G
               +--------+--------+--------+--------+--------+-----+--------+
         Total |  20055 |  19106 |    949 |   4300 |  10905 |  19 | 1055.5 |
       Dungeon |  13821 |  12948 |    873 |   2565 |   7683 |  14 |  987.2 |
          Lair |   6234 |   6158 |     76 |   1735 |   3222 |   5 | 1246.8 |
               +--------+--------+--------+--------+--------+-----+--------+

Top non-repeatable levels by time:
    D:12: 2534 daAuts
  Lair:4: 1891 daAuts
  Lair:2: 1582 daAuts
     D:5: 1542 daAuts
  Lair:3: 1513 daAuts
    D:13: 1226 daAuts
     D:1: 1092 daAuts
    D:10: 1084 daAuts
  Lair:1: 992 daAuts
    D:11: 979 daAuts
     D:3: 936 daAuts
     D:8: 813 daAuts
     D:6: 800 daAuts
     D:4: 745 daAuts
     D:7: 745 daAuts
